Relatively Off-Meta Game with Semoventes vs USF Light Vehicle Spam

Match 8783092
End
Construct Barracks
Selects Armored Battlegroup
Selects Veteran Crews
Selects Fast Deploy
1⁄4-ton 4x4 Truck
1⁄4-ton 4x4 Truck
1⁄4-ton 4x4 Truck
Riflemen Squad
Riflemen Squad
Infantry Support Center
Construct Motor Pool
M8 Greyhound Armored Car
M8 Greyhound Armored Car
M8 Greyhound Armored Car
Selects Field Repairs
Selects War Machine
Field Repairs
Construct Medical Station
Riflemen Squad
Riflemen Squad
M8 Greyhound Armored Car
Field Repairs
M24 Chaffee Light Tank
M1918 Browing Automatic Rifles
Field Repairs
Riflemen Squad
Advanced Logisitcs
Selects M8 Scott SPG
M24 Chaffee Light Tank
M24 Chaffee Light Tank
Grenade Package
Engineer Squad
Engineer Squad
M24 Chaffee Light Tank
Riflemen Squad
Selects M4A3E8 Sherman Combat Group
M24 Chaffee Light Tank
Riflemen Squad
M24 Chaffee Light Tank
M24 Chaffee Light Tank
M24 Chaffee Light Tank
juan.aldava
Sovereign
0
0

Comments sign in to comment!

No comments posted yet!